 Dungeon Crawl Stone Soup version 0.29.1-1-gd02db69 (webtiles) character file.

Game seed: 11571029539050695161

6136 Chimori the Grappler (level 10, 0/100 HPs)
             Began as a Troll Fighter on Apr 14, 2023.
             Was a Follower of Wu Jian.
             Slain by a freezing wraith (5 damage)
             ... on level 9 of the Dungeon.
             The game lasted 00:48:15 (6526 turns).

Chimori the Grappler (Troll Fighter)                Turns: 6526, Time: 00:48:16

Health: 0/100      AC:  9    Str: 26    XL:     10   Next: 59%
Magic:  9/9        EV:  9    Int:  8    God:    Wu Jian [*.....]
Gold:   389        SH: 10    Dex:  9    Spells: 9/9 levels left

rFire   + . .      SeeInvis .     - Unarmed
rCold   . . .      Faith    .   b - +1 kite shield
rNeg    . . .      Spirit   .   B - +0 acid dragon scales
rPois   .          Reflect  .   p - +1 hat
rElec   .          Harm     .   (no cloak)
rCorr   +          Rampage  .   (gloves unavailable)
Will    .....                   (boots unavailable)
Stlth   +.........              j - amulet of regeneration
HPRegen 1.86/turn               e - ring of protection from fire
MPRegen 0.11/turn               (no ring)

@: studying Unarmed Combat
A: large, unfitting armour, claws 3, regeneration 1, shaggy fur 1, tough skin 1
a: Renounce Religion


You were on level 9 of the Dungeon.
You worshipped Wu Jian.
Wu Jian was aware of your devotion.
You visited 2 branches of the dungeon, and saw 10 of its levels.

You collected 389 gold pieces.

Inventory:

Missiles
 i - 3 throwing nets (quivered)
Armour
 a - a +0 robe
 b - a +1 kite shield (worn)
 p - a +1 hat (worn)
 B - +0 acid dragon scales (worn)
Jewellery
 e - a ring of protection from fire (left claw)
 j - an amulet of regeneration (around neck)
 r - a ring of wizardry
Wands
 l - a wand of flame (11)
 m - a wand of polymorph (12)
 o - a wand of quicksilver (16)
 z - a wand of roots (11)
Scrolls
 d - 2 scrolls of teleportation
 k - 4 scrolls of identify
 n - 3 scrolls of amnesia
 t - 2 scrolls of enchant weapon {unknown}
 u - a scroll of vulnerability {unknown}
 x - a scroll of acquirement {unknown}
 y - a scroll of noise {unknown}
 A - a scroll of fear
 C - a scroll of magic mapping
Potions
 c - a potion of curing
 f - 3 potions of heal wounds
 g - a potion of berserk rage
 h - a potion of attraction
 s - a potion of resistance
 v - a potion of cancellation {unknown}
 w - a potion of haste {unknown}


   Skills:
 + Level 6.8 Fighting
 + Level 4.7 Dodging
 + Level 7.5 Shields
 * Level 12.6 Unarmed Combat


You had 9 spell levels left.
You didn't know any spells.
Your spell library contained the following spells:

 Spells                   Type           Power      Damage    Failure   Level
 Apportation              Tloc           0%         N/A       73%         1
 Ozocubu's Armour         Ice            0%         N/A       97%         3
 Cause Fear               Hex            0%         N/A       100%        4
 Alistair's Intoxication  Tmut/Pois      0%         N/A       100%        5
 Metabolic Englaciation   Hex/Ice        0%         N/A       100%        5
 Simulacrum               Ice/Necr       0%         N/A       100%        6
 Dragon Form              Tmut           0%         N/A       100%        7
 Dragon's Call            Summ           0%         N/A       100%        9


Dungeon Overview and Level Annotations

Branches:
Dungeon (9/15)             Temple (1/1) D:7            Lair (0/5) D:8
    Orc: D:9-12

Altars:
Ashenzari
Cheibriados
Dithmenos
Elyvilon
Fedhas
Gozag
Kikubaaqudgha
Makhleb
Nemelex Xobeh
Okawaru
Qazlal
Ru
Sif Muna
Trog
Uskayaw
Vehumet
Wu Jian
Xom
Yredelemnul
Zin
The Shining One

Shops:
D:2 (   D:5 (


Innate Abilities, Weirdness & Mutations

You are too large for most types of armour.
You have claws for hands.
Your natural rate of healing is unusually fast.
You are covered in fur. (AC +1)
You have tough skin. (AC +1)


Message History

You block the manticore's attack. x2
You barely miss the manticore.
The manticore is almost dead.
The manticore closely misses you. x2; The manticore completely misses you.
You claw the manticore!
You kill the manticore!
The Council accepts your kill.
The centaur shoots an arrow.
You block the arrow.
A centaur comes into view.
The centaur shouts!
You claw the wight!
The wight is almost destroyed.
The centaur wields a +0 shortbow.
The centaur shoots an arrow.
The arrow hits you but does no damage. You block the wight's attack.
You scratch the wight.
You destroy the wight!
The Council accepts your kill.
The centaur shoots an arrow.
You block the arrow.
You feel much better.
The centaur shoots an arrow.
The arrow hits you!
The boulder beetle bites you but does no damage.
You scratch the boulder beetle but do no damage.
The boulder beetle bites you but does no damage.
The freezing wraith hits you. The freezing wraith freezes you!
The freezing wraith hits you but does no damage.
You scratch the boulder beetle but do no damage.
You block the freezing wraith's attack. The freezing wraith closely misses you.
The boulder beetle bites you!!
You scratch the boulder beetle but do no damage.
The boulder beetle closely misses you. The freezing wraith misses you.
The freezing wraith hits you!
You claw the boulder beetle!
The boulder beetle is lightly wounded.
The freezing wraith hits you. The freezing wraith freezes you!!
* * * LOW HITPOINT WARNING * * *
The freezing wraith barely misses you. The boulder beetle bites you!!
* * * LOW HITPOINT WARNING * * *
You mangle the boulder beetle!!
The boulder beetle is moderately wounded.
You block the freezing wraith's attack. The freezing wraith hits you.
You die...

.. .....#
#.## .#...>#
#..# .....
#..# ....
#..##..#
#.c#..#
#B#..# #@..#
#W#..###
#Fc#....###
#..##...<..#
#..##....##.#
#..##.....# #
.... ###....
##. ##..##
##..


You could see a boulder beetle, a freezing wraith, a bullfrog and 2 centaurs.

Vanquished Creatures
  A two-headed ogre (D:8)
  The ghost of ChinnyChinChin the Spear-Bearer, a novice DrCA of Ignis (D:8)
  A manticore (D:9)
  A troll (D:7)
  Grinder (D:6)
  Sigmund (D:3)
  A wyvern (D:6)
  Eustachio (D:6)
  A vampire mosquito (D:9)
  2 water moccasins
  An acid dragon (D:8)
  Duvessa (D:5)
  An orc warrior (D:6)
  3 black bears
  An ice beast (D:7)
  2 sky beasts (D:7)
  3 ogres
  4 centaurs
  2 phantoms
  4 bullfrogs
  3 kobold brigands
  A necrophage (D:8)
  A gnoll sergeant (D:9)
  2 scorpions
  A wight (D:9)
  Dowan (D:5)
  A killer bee (D:9)
  3 hounds (D:6)
  2 jellies
  Crazy Yiuf (D:4)
  6 orc priests
  2 gnoll boudas
  2 iguanas
  7 orc wizards
  Terence (D:2)
  10 gnolls
  12 adders
  A shadow imp (D:6)
  2 white imps
  2 ufetubi
  6 worms
  A dart slug (D:3)
  31 orcs
  6 ball pythons
  7 endoplasms
  10 giant cockroaches
  9 goblins
  5 hobgoblins
  17 jackals
  14 kobolds
  6 quokkas
  A bat (D:3)
  6 frilled lizards
  5 rats
218 creatures vanquished.

Vanquished Creatures (others)
  18 plants (D:5)
18 creatures vanquished.

Grand Total: 236 creatures vanquished

Notes
Turn   | Place    | Note
-------+----------+-------------------------------------------
     0 | D:1      | Chimori the Troll Fighter began the quest for the Orb.
     0 | D:1      | Reached XP level 1. HP: 22/22 MP: 0/0
    97 | D:1      | Reached XP level 2. HP: 27/29 MP: 1/1
   175 | D:1      | Reached XP level 3. HP: 36/36 MP: 2/2
   423 | D:1      | Reached skill level 3 in Unarmed Combat
   624 | D:2      | Noticed Terence
   650 | D:2      | Killed Terence
   651 | D:2      | Reached XP level 4. HP: 15/44 MP: 3/3
   708 | D:2      | Found Josogu's Antique Weapon Emporium.
   896 | D:2      | Found a faded altar of an unknown god.
  1084 | D:3      | Reached skill level 4 in Unarmed Combat
  1084 | D:3      | Reached XP level 5. HP: 49/53 MP: 4/4
  1596 | D:3      | Found a glowing golden altar of the Shining One.
  1596 | D:3      | Found a stormy altar of Qazlal.
  1682 | D:3      | Identified the +8 morningstar "Lapag" {vorpal, +Blink MP+9
                  | Int+9 Dex-3}
  1823 | D:3      | Noticed Sigmund
  1831 | D:3      | Killed Sigmund
  1832 | D:3      | Reached skill level 5 in Unarmed Combat
  1832 | D:3      | Reached XP level 6. HP: 39/61 MP: 5/5
  2284 | D:4      | Found a bloodstained altar of Trog.
  2371 | D:4      | Found a runed translucent door.
  2372 | D:4      | Noticed Crazy Yiuf
  2757 | D:4      | Killed Crazy Yiuf
  2790 | D:5      | Entered Level 5 of the Dungeon
  2802 | D:5      | Reached XP level 7. HP: 56/68 MP: 6/6
  2836 | D:5      | Noticed Duvessa
  2837 | D:5      | Noticed Dowan
  2847 | D:5      | Killed Duvessa
  2848 | D:5      | Reached skill level 6 in Unarmed Combat
  2857 | D:5      | Killed Dowan
  2980 | D:5      | Reached skill level 5 in Shields
  2980 | D:5      | Reached XP level 8. HP: 79/79 MP: 7/7
  2992 | D:5      | Identified the +0 ring mail "Wuelea" {rElec rC+ Regen+}
  3088 | D:5      | Reached skill level 7 in Unarmed Combat
  3450 | D:5      | Found Qaojuusma's Hydra Hut.
  3451 | D:5      | Noticed a four-headed hydra
  3991 | D:6      | Reached skill level 5 in Fighting
  4007 | D:6      | Reached skill level 8 in Unarmed Combat
  4125 | D:6      | Noticed Grinder
  4129 | D:6      | Paralysed by Grinder for 3 turns
  4135 | D:6      | Killed Grinder
  4136 | D:6      | Reached XP level 9. HP: 68/88 MP: 8/8
  4342 | D:6      | Noticed Eustachio
  4350 | D:6      | Killed Eustachio
  4351 | D:6      | Reached skill level 9 in Unarmed Combat
  4770 | D:7      | Found a staircase to the Ecumenical Temple.
  4779 | Temple   | Entered the Ecumenical Temple
  4879 | Temple   | Became a worshipper of the Wu Jian Council
  5031 | D:7      | Noticed a troll
  5037 | D:7      | Killed a troll
  5171 | D:7      | Reached skill level 10 in Unarmed Combat
  5721 | D:8      | Found a staircase to the Lair.
  5749 | D:8      | Reached * piety under Wu Jian
  5818 | D:8      | Found a runed translucent door.
  5819 | D:8      | Noticed ChinnyChinChin's ghost (novice DrCA)
  5867 | D:8      | Reached skill level 11 in Unarmed Combat
  5912 | D:8      | Reached XP level 10. HP: 96/98 MP: 9/9
  6045 | D:8      | Noticed a two-headed ogre
  6054 | D:8      | HP: 2/100 [two-headed ogre/+0 vorpal dire flail (21)]
  6056 | D:8      | Killed a two-headed ogre
  6239 | D:8      | Found an iron altar of Okawaru.
  6427 | D:8      | Killed ChinnyChinChin's ghost
  6428 | D:8      | Reached skill level 12 in Unarmed Combat
  6503 | D:9      | Noticed a boulder beetle
  6511 | D:9      | Noticed a manticore
  6518 | D:9      | Killed a manticore
  6525 | D:9      | HP: 3/100 [boulder beetle (19)]
  6526 | D:9      | Slain by a freezing wraith

Illustrated notes

Levels and vault maps discovered:
D:1:      reono_arrival_mine, layout_rooms, kennysheep_minor_cross
D:2:      layout_rooms, hellmonk_ecumenical_altar_dog_temple, serial_shops,
          nicolae_shop_advertising_works [nicolae_subvault_shop_adworks],
          uniq_terence
D:3:      layout_loops_corners, jmf_multi_god_temple, serial_park_tiny_pond,
          minmay_misc_feat_columns, nicolae_wormholes, uniq_sigmund
D:4:      layout_cave_pools, trog_hazing_becter, uniq_crazy_yiuf_cottage
D:5:      dreamdust_elfheim, layout_basic, abandoned_shop, wad_woods_river_04,
          wad_floor_pattern_untrapped, doesnt_shop_hydraphobe
D:6:      layout_basic, minmay_manual_moon, uniq_eustachio, uniq_grinder
D:7:      layout_loops_ring, minmay_temple_entry_statues_fountains,
          kennysheep_small_square
D:8:      layout_cave_pools, kennysheep_mini, lair_entry_dummy,
          ebering_ghost_reflecting_pool, grunt_ogre_cave
D:9:      minmay_the_grid_octo_triangle [minmay_the_grid_octo_clover,
          minmay_the_grid_octo_prize_star, minmay_the_grid_octo_clover_2],
          layout_basic, minivault_19, minmay_hedge_maze, uniq_harold
Temple:   minmay_temple_bridge_d

Skill      XL: |  1  2  3  4  5  6  7  8  9 10 |
---------------+-------------------------------+-----
Shields        | 3 4 5 6 7 |  7.5
Unarmed Combat | 3 4 5 6 8 11 12 | 12.6
Fighting       | 3 4 5 6 |  6.8
Dodging        | 3 4 |  4.7

Action                   |  1- 3 |  4- 6 |  7- 9 | 10-12 || total
-------------------------+-------+-------+-------+-------++-------
Melee: Unarmed           |    65 |   208 |   341 |    63 ||   677
Invok: Lunge             |       |       |     5 |     3 ||     8
  Use: Scroll            |     2 |     8 |     4 |       ||    14
       Potion            |     1 |       |     1 |     5 ||     7
Armor: Robe              |    22 |    47 |    55 |     6 ||   130
       Acid dragon scale |       |       |       |    10 ||    10
Dodge: Dodged            |    17 |    64 |    89 |    19 ||   189
Block: Kite shield       |    23 |    66 |   122 |    34 ||   245
